 Dungeon Crawl Stone Soup version 0.23.0 (webtiles) character file.

Game seed: 11532827683829182124

108 night the Ruffian (level 4, -8/35 HPs)
             Began as a Demonspawn Gladiator on Feb 10, 2019.
             Killed from afar by Sigmund (13 damage)
             ... with a puff of flame
             ... on level 2 of the Dungeon.
             The game lasted 00:02:38 (1336 turns).

night the Ruffian (Demonspawn Gladiator)            Turns: 1336, Time: 00:02:39

Health: -8/35      AC:  5    Str: 15    XL:     4   Next: 58%
Magic:  4/4        EV: 15    Int: 10    God:
Gold:   63         SH:  0    Dex: 14    Spells: 3/3 levels left

rFire    . . .     SeeInvis .     - Unarmed
rCold    . . .     Gourm    .   (no shield)
rNeg     . . .     Faith    .   a - +0 leather armour
rPois    .         Spirit   .   b - +0 helmet
rElec    .         Reflect  .   (no cloak)
rCorr    .         Harm     .   f - +0 pair of gloves
MR       .....                  (no boots)
Stlth    ..........             (no amulet)
HPRegen  0.11/turn              (no ring)
MPRegen  0.09/turn              (no ring)

@: confused
A: hooves 1, repulsion field 1
a: no special abilities


You were on level 2 of the Dungeon.
You were not hungry.

You visited 1 branch of the dungeon, and saw 2 of its levels.

You collected 63 gold pieces.

Inventory:

Missiles
 c - 3 throwing nets (quivered)
 e - 45 stones
 o - 23 sling bullets
 q - 8 needles of sleeping
Armour
 a - a +0 leather armour (worn)
 b - a +0 helmet (worn)
 f - a +0 pair of gloves (worn)
 t - a +0 large shield
Jewellery
 j - an uncursed ring of positive energy {unknown}
Scrolls
 g - 4 scrolls of teleportation {unknown}
 i - 3 scrolls of enchant armour {unknown}
 l - 4 scrolls of identify {unknown}
 p - a scroll of remove curse {unknown}
 r - a scroll of amnesia {unknown}
Potions
 h - a potion of flight {unknown}
 k - a potion of might {unknown}
 n - 2 potions of agility {unknown}
 s - a potion of heal wounds {unknown}
Comestibles
 d - 2 rations


   Skills:
 + Level 3.0 Fighting
 - Level 1.7 Throwing
 + Level 3.3 Dodging
 * Level 3.9 Unarmed Combat


You had 3 spell levels left.
You didn't know any spells.
Your spell library was empty.

Dungeon Overview and Level Annotations

Branches:
Dungeon (2/15)

Altars:

Annotations:
D:2 Sigmund


Innate Abilities, Weirdness & Mutations

You have large cloven feet.
You are surrounded by a mild repulsion field. (EV +2)


Message History

* * * LOW HITPOINT WARNING * * *
You hit Sigmund but do no damage.
Sigmund is severely wounded.
You barely miss Sigmund. You kick Sigmund, but do no damage.
Sigmund is severely wounded.
Sigmund mumbles some strange words.
Sigmund flickers and vanishes!
Deactivating autopickup; reactivate with Ctrl-A.
You miss something.
You hear some strange, mumbled words.
You are confused.
Something hits you.
* * * LOW HITPOINT WARNING * * *
You're too confused to move!
Something hits you but does no damage.
You bump into the rock wall.
You're too confused to move!
You hear some strange, mumbled words.
A puff of flame appears from out of thin air!
The puff of flame hits you!
You die...

#. #.#.# #.
#########.#.#
#.##.........#.#
........#####.#
###.###.# #.#
#.# #.# #.# #.#
###.### #@?...#
#{###.# ...# ...
#....# ###
#.#.... #. #..##
# #<. #..


There were no monsters in sight!

Vanquished Creatures
  Jessica (D:2)
  Natasha (D:2)
  3 adders (D:2)
  An ooze (D:2)
  3 bats
  2 giant cockroaches (D:1)
  3 goblins (D:1)
  3 hobgoblins
  A quokka (D:2)
  6 frilled lizards
  2 kobolds
  3 rats
29 creatures vanquished.

Notes
Turn   | Place    | Note
-------+----------+-------------------------------------------
     0 | D:1      | night the Demonspawn Gladiator began the quest for the Orb.
     0 | D:1      | Reached XP level 1. HP: 16/16 MP: 1/1
   304 | D:1      | Gained mutation: You are surrounded by a mild repulsion
                  | field. (EV +2) [demonic ancestry]
   304 | D:1      | Reached XP level 2. HP: 22/22 MP: 2/2
   587 | D:2      | Reached XP level 3. HP: 16/28 MP: 3/3
   891 | D:2      | Noticed Jessica
   980 | D:2      | Noticed Natasha
   985 | D:2      | Killed Jessica
   985 | D:2      | Gained mutation: You have large cloven feet. [demonic
                  | ancestry]
   985 | D:2      | Reached XP level 4. HP: 30/34 MP: 4/4
   996 | D:2      | Killed Natasha
  1315 | D:2      | Noticed Sigmund
  1336 | D:2      | Killed from afar by Sigmund

Skill      XL: |  1  2  3  4 |
---------------+-------------+-----
Unarmed Combat | 3 |  3.9
Dodging        | 3 |  3.3
Fighting       | 3 |  3.0
Throwing       | |  1.7

Action                   |  1- 3 |  4- 6 || total
-------------------------+-------+-------++-------
Melee: Unarmed           |    79 |    36 ||   115
       Punch             |     1 |     1 ||     2
       Kick              |       |    12 ||    12
 Stab: Sleeping          |     1 |       ||     1
  Eat: Chunk             |       |     1 ||     1
Armor: Leather armour    |    19 |    12 ||    31
Dodge: Dodged            |    54 |    27 ||    81
